 Dungeon Crawl Stone Soup version 0.31.0-32-g396128a36d (webtiles) character file.

Game seed: 10197996655570823516

511 Peloso the Covered (level 6, 0/53 HPs)
             Began as a Minotaur Fighter on Apr 13, 2024.
             Slain by Eustachio
             ... wielding a +0 falchion
              (2 damage)
             ... on level 4 of the Dungeon.
             The game lasted 00:06:04 (3467 turns).

Peloso the Covered (Minotaur Fighter)               Turns: 3467, Time: 00:06:04

Health: 0/53       AC:  7    Str: 21    XL:     6   Next: 99%
Magic:  5/5        EV: 10    Int:  5    God:
Gold:   317        SH:  5    Dex: 11    Spells: 5/5 levels left

rFire   . . .        a - +0 long sword
rCold   . . .        d - +0 buckler
rNeg    . . .        b - +0 scale mail
rPois   .            (helmet restricted)
rElec   .            (no cloak)
rCorr   .            (no gloves)
SInv    .            (no boots)
Will    .....        (no amulet) Stlth
                     (no ring)
HPRegen 0.28/turn    (no ring)
MPRegen 0.09/turn

%: no passive effects
@: mighty
A: horns 2, retaliatory headbutt
a: no special abilities


You were on level 4 of the Dungeon.
You visited 1 branch of the dungeon, and saw 5 of its levels.

You collected 317 gold pieces.

Inventory:

Hand Weapons
 a - a +0 long sword (weapon)
Missiles
 o - 2 throwing nets (quivered)
Armour
 b - a +0 scale mail (worn)
 c - a +0 scale mail
 d - a +0 buckler (worn)
Talismans
 l - a blade talisman
Scrolls
 f - 3 scrolls of identify {unknown}
 g - a scroll of poison {unknown}
 i - 2 scrolls of blinking {unknown}
 m - 2 scrolls of teleportation {unknown}
 n - a scroll of enchant weapon {unknown}
 p - a scroll of amnesia {unknown}
Potions
 e - a potion of brilliance
 h - a potion of ambrosia
 j - a potion of resistance {unknown}


   Skills:
 + Level 4.6 Fighting
 + Level 5.6 Long Blades
 + Level 5.9 Armour
 + Level 2.7 Dodging
 + Level 0.1 Stealth
 + Level 4.7 Shields


You had 5 spell levels left.
You didn't know any spells.
Your spell library contained the following spells:

 Spells                   Type           Power      Damage    Failure   Level
 Ensorcelled Hibernation  Hex/Ice        0%         N/A       94%         2
 Fugue of the Fallen      Necr           0%         N/A       99%         3
 Anguish                  Hex/Necr       0%         N/A       100%        4


Dungeon Overview and Level Annotations

Branches:
Dungeon (5/15)
 Temple: D:4-7

Altars:
Makhleb
Nemelex Xobeh
Zin

Shops:
D:2 *   D:3 :

Annotations:
D:3 Dig -1 runed translucent door, Crazy Yiuf
D:4 Eustachio


Innate Abilities, Weirdness & Mutations

You have a pair of horns on your head.
You reflexively headbutt those who attack you in melee.


Message History

The quasit closely misses you. You block the quasit's attack.
The quasit claws you but does no damage.
You block the quokka's attack. The quasit closely misses you.
You furiously retaliate!
You headbutt the quasit!!
You kill the quasit!
The quasit disappears in a puff of smoke!
The iron imp hits you!
* * * LOW HITPOINT WARNING * * *
You slash the quokka!
You kill the quokka!
The quokka's corpse disappears in a puff of smoke!
The shadow imp disappears in a puff of smoke!
Eustachio gestures wildly while chanting.
Eustachio blinks!
The iron imp closely misses you. You furiously retaliate!
You headbutt the iron imp!
You kill the iron imp!
The iron imp disappears in a puff of smoke!
The ogre hits you with a +0 giant spiked club!
* * * LOW HITPOINT WARNING * * *
You slash the ogre!
The ogre is moderately wounded.
Unknown command.
You barely miss the ogre.
The ogre is moderately wounded.
The ogre completely misses you. You block the river rat's attack.
You slash the ogre! You headbutt the ogre.
You kill the ogre!
You feel your dexterity returning.
You slash the rat!
You kill the rat!
The rat's corpse disappears in a puff of smoke!
The river rat closely misses you.
Unknown command.
You closely miss Eustachio.
Eustachio is severely wounded.
Eustachio hits you with a +0 falchion.
* * * LOW HITPOINT WARNING * * *
You block the river rat's attack. Eustachio hits you with a +0 falchion.
You die...
Eustachio says, "Such is the fate of all honourless rascals."

##....#..~ #... #### ##......#.
.#.#.# #..#
#........#######.##.##########.##
#.........................)....).
#...................##########.##
##......[.......r...# #...
##...#.............# ###..#
###########>.##@### #...<#
##.)@r..# #####.##.# ####.#.##
#.....##.. ####.#..###.########
###...........# ##
#####...##..#.##### ####.
####.)...#####.....# ##.÷..
#...†##### #.....#####..###
#....### #.....##....## #......#
##.......####


You could see Eustachio and a river rat (summoned).

Vanquished Creatures
  An ogre (D:4)
  A scorpion (D:4)
  A bombardier beetle (D:4)
  2 hounds (D:5)
  A jelly (D:4)
  An iguana (D:5)
  Robin (D:3)
  8 gnolls
  2 adders
  4 dart slugs
  A ribbon worm (D:3)
  11 orcs
  5 endoplasms
  2 giant cockroaches
  14 goblins
  8 hobgoblins
  5 quokkas
  8 ball pythons
  2 bats (D:3)
  A frilled lizard (D:2)
  9 kobolds
  6 rats
94 creatures vanquished.

Notes
Turn   | Place    | Note
-------+----------+-------------------------------------------
     0 | D:1      | Peloso the Minotaur Fighter began the quest for the Orb.
     0 | D:1      | Reached XP level 1. HP: 19/19 MP: 0/0
   740 | D:2      | Reached XP level 2. HP: 25/27 MP: 1/1
   877 | D:2      | Reached skill level 1 in Dodging
   877 | D:2      | Reached XP level 3. HP: 31/33 MP: 2/2
   912 | D:2      | Reached XP level 4. HP: 19/40 MP: 3/3
  1013 | D:2      | Found Raereori's General Store.
  1425 | D:3      | Found a sparkling altar of Nemelex Xobeh.
  1657 | D:3      | Found a burning altar of Makhleb.
  1726 | D:3      | Found a runed translucent door.
  1727 | D:3      | Noticed Crazy Yiuf
  1972 | D:3      | Noticed Robin
  1998 | D:3      | Reached XP level 5. HP: 20/46 MP: 4/4
  2002 | D:3      | Killed Robin
  2442 | D:3      | Found Qauranad's Book Emporium.
  2617 | D:3      | Found a glowing silver altar of Zin.
  2886 | D:4      | Reached skill level 5 in Armour
  3121 | D:4      | Reached XP level 6. HP: 53/53 MP: 5/5
  3292 | D:4      | Noticed Eustachio
  3303 | D:5      | Entered Level 5 of the Dungeon
  3310 | D:5      | Reached skill level 5 in Long Blades
  3462 | D:4      | HP: 2/53 [ogre/+0 giant spiked club (7)]
  3467 | D:4      | HP: 2/53 [Eustachio/+0 falchion (2)]
  3467 | D:4      | Slain by Eustachio

Illustrated notes

Levels and vault maps discovered:
D:1:      scummos_arrival_simple_crosswalls, layout_loops_ring,
          nicolae_concentric_dashed_squares_mild, minmay_tiny_reverse_x
D:2:      layout_basic, serial_shops, nicolae_shop_trees,
          lexackson_kobold_supper
D:3:      layout_basic, nemelex_xobeh_ov_fountains_minmay, zin_scriptorium,
          bloody_makhleb, serial_shops, shop, serial_forest,
          infiniplex_forest_lined_room_2, infiniplex_forest_straight_2,
          infiniplex_forest_end_1, infiniplex_forest_lined_1,
          infiniplex_forest_end_3, infiniplex_forest_end_2,
          infiniplex_forest_lined_corner, infiniplex_forest_lined_ring,
          infiniplex_forest_zigzag_2, infiniplex_forest_zigzag_2, st_stairs_8,
          fountainhead, uniq_robin, uniq_crazy_yiuf_cottage
D:4:      layout_rooms, nicolae_ru_awakened_eye, uniq_eustachio
D:5:      layout_rooms, uniq_menkaure

Skill      XL: |  1  2  3  4  5  6 |
---------------+-------------------+-----
Armour         | 4 5 |  5.9
Dodging        | 1 2 |  2.7
Long Blades    | 3 4 5 |  5.6
Fighting       | 4 |  4.6
Shields        | 4 |  4.7
Stealth        | |  0.1

Action                     |  1- 3 |  4- 6 || total
---------------------------+-------+-------++-------
  Melee: Long sword        |    47 |   252 ||   299
         Headbutt          |     7 |    46 ||    53
    Use: Potion            |     3 |     1 ||     4
 Armour: Scale mail        |    30 |   194 ||   224
  Dodge: Dodged            |    20 |   154 ||   174
  Block: Buckler           |     6 |    70 ||    76
